 Dungeon Crawl Stone Soup version 0.29-a0-598-gd8304a5bf4 (webtiles) character file.

Game seed: 14521369485333226471

987 greasedhog the Chopper (level 7, -2/57 HPs)
             Began as a Red Draconian Berserker on June 16, 2022.
             Was a Priest of Trog.
             Slain by a killer bee zombie (4 damage)
             ... in an ossuary.
             The game lasted 00:07:01 (3916 turns).

greasedhog the Chopper (Red Draconian Berserker)    Turns: 3916, Time: 00:07:01

Health: -2/57      AC:  6    Str: 22    XL:     7   Next: 97%
Magic:  7/7        EV: 12    Int:  7    God:    Trog [***...]
Gold:   114        SH:  0    Dex: 10    Spells: 6/6 levels left

rFire   + . .      SeeInvis .   a - +1 hand axe
rCold   . . .      Faith    .   (no shield)
rNeg    . . .      Spirit   .   (body armour unavailable)
rPois   .          Reflect  .   (helmet restricted)
rElec   .          Harm     .   (no cloak)
rCorr   .          Rampage  .   (no gloves)
Will    .....                   (no boots)
Stlth   +++.......              (no amulet)
HPRegen 0.19/turn               (no ring)
MPRegen 0.10/turn               (no ring)

@: on berserk cooldown, slowed, very slow
A: breathe fire, AC +6, unfitting armour, fire resistance 1, cold-blooded, fangs
1, hooves 1, horns 1
a: Breathe Fire, Renounce Religion, Berserk, Trog's Hand


You were in an ossuary.
You worshipped Trog.
Trog was most pleased with you.
You visited 1 branch of the dungeon, and saw 4 of its levels.
You also visited: Ossuary.

You collected 114 gold pieces.

Inventory:

Hand Weapons
 a - a +1 hand axe (weapon)
Jewellery
 l - an amulet of the acrobat
 m - a +6 ring of strength
Wands
 h - a wand of flame (15)
 j - a wand of iceblast (21)
Scrolls
 f - a scroll of enchant weapon
 k - 2 scrolls of teleportation
 n - a scroll of fear {unknown}
Potions
 b - a potion of brilliance {unknown}
 c - a potion of mutation
 d - 2 potions of heal wounds {unknown}
 e - a potion of curing {unknown}
 g - a potion of degeneration {unknown}


   Skills:
 - Level 3.2 Fighting
 * Level 6.3 Axes
 - Level 2.6 Dodging
 * Level 5.5 Stealth
 * Level 4.2 Evocations


You had 6 spell levels left.
You didn't know any spells.
Your spell library was empty.

Dungeon Overview and Level Annotations

Branches:
Dungeon (4/15)            Ossuary (1/1)
 Temple: D:4-7

Altars:


Innate Abilities, Weirdness & Mutations

You can breathe blasts of fire.
Your fiery red scales are hard. (AC +6)
You cannot fit into any form of body armour.
Your flesh is heat resistant. (rF+)
You are cold-blooded and may be slowed by cold attacks.
You have very sharp teeth.
You have large cloven feet.
You have a pair of small horns on your head.


Message History

You are no longer berserk.
You are exhausted.
You feel yourself slow down.
You start resting.
You feel the effects of Trog's Hand fading.
You start resting.
A mummy comes into view.
A mummy is nearby!
You start resting.
Your skin stops crawling.
You feel less strong-willed.
Your skin crawls.
You feel strong-willed.
You start resting.
A mummy is nearby!
You hit the mummy.
The mummy is moderately damaged.
You feel the effects of Trog's Hand fading.
The mummy hits you.
You hit the mummy but do no damage.
The mummy is moderately damaged.
The mummy closely misses you.
You hit the mummy but do no damage.
The mummy is moderately damaged.
The mummy closely misses you.
You hit the mummy but do no damage.
The mummy is moderately damaged.
A killer bee zombie comes into view.
The mummy hits you!
* * * LOW HITPOINT WARNING * * *
You barely miss the mummy.
Your tail-slap misses the mummy.
The mummy is moderately damaged.
Your skin stops crawling.
You feel less strong-willed. The mummy hits you!
* * * LOW HITPOINT WARNING * * *
Okay, then.
It was a potion of mutation.
You feel extremely strange.
Your teeth lengthen and sharpen.
A pair of horns grows on your head!
Your feet thicken and deform.
The killer bee zombie hits you.
You die...

## ≈ ##
Z≈≈##≈###
#≈≈≈≈≈#
#.#.#.#
≈≈.#.≈≈#≈#+#
≈≈≈..≈≈≈Z@.+
+##≈##≈##M#
#...#.+
#.∩.#.#
#∩..#.+
#####.# ..'
#.# #.'


You could see a mummy and a killer bee zombie.

Vanquished Creatures
  A hornet zombie (Ossuary)
  A black bear (D:4)
  A wyvern zombie (Ossuary)
  A water moccasin zombie (Ossuary)
  5 bullfrog zombies (Ossuary)
  A human zombie (D:4)
  2 centaur zombies (Ossuary)
  Ijyb (D:3)
  Natasha (thrice) (D:3)
  5 mummies (Ossuary)
  A human skeleton (D:4)
  A killer bee zombie (Ossuary)
  3 howler monkey zombies (Ossuary)
  Robin (D:4)
  5 adders
  An ufetubus (D:4)
  2 worms (D:1)
  3 dart slugs
  5 bats
  8 endoplasms
  6 giant cockroaches
  8 goblins
  5 hobgoblins
  3 jackals (D:1)
  6 kobolds
  3 quokkas
  8 ball pythons
  7 frilled lizards
  14 rats
111 creatures vanquished.

Vanquished Creatures (others)
  8 plants (D:1)
  6 withered plants
14 creatures vanquished.

Grand Total: 125 creatures vanquished

Notes
Turn   | Place    | Note
-------+----------+-------------------------------------------
     0 | D:1      | greasedhog the Draconian Berserker began the quest for the
                  | Orb.
     0 | D:1      | Reached XP level 1. HP: 19/19 MP: 1/1
     1 | D:1      | Found a runed translucent door.
   148 | D:1      | Reached skill level 1 in Stealth
   253 | D:1      | Found a faded altar of an unknown god.
   275 | D:1      | Reached XP level 2. HP: 25/26 MP: 2/2
   774 | D:1      | Reached ** piety under Trog
   783 | D:1      | Reached XP level 3. HP: 31/31 MP: 3/3
  1121 | D:2      | Reached skill level 4 in Axes
  1553 | D:2      | Identified the +0 chain mail of the Harvest Moon {Contam
                  | Harm +Blink Str+7}
  1568 | D:2      | Reached XP level 4. HP: 31/38 MP: 4/4
  2051 | D:3      | Noticed Ijyb
  2090 | D:3      | Killed Ijyb
  2392 | D:3      | Reached XP level 5. HP: 32/45 MP: 5/5
  2575 | D:3      | Noticed Natasha
  2590 | D:3      | Killed Natasha
  2591 | D:3      | Reached skill level 1 in Evocations
  3234 | D:3      | Noticed Natasha
  3247 | D:3      | Killed Natasha
  3247 | D:3      | Reached *** piety under Trog
  3443 | D:3      | Noticed Natasha
  3458 | D:3      | Killed Natasha
  3522 | D:4      | Noticed Robin
  3541 | D:4      | Killed Robin
  3564 | D:4      | Noticed a black bear
  3600 | D:4      | Killed a black bear
  3601 | D:4      | Reached skill level 5 in Axes
  3601 | D:4      | Reached XP level 6. HP: 41/51 MP: 6/6
  3637 | D:4      | Found a sand-covered staircase.
  3651 | Ossuary  | Entered an ossuary
  3713 | Ossuary  | Your scales start taking on a fiery red colour.
  3713 | Ossuary  | Reached XP level 7. HP: 13/57 MP: 7/7
  3713 | Ossuary  | Gained mutation: Your flesh is heat resistant. (rF+) [Red
                  | Draconian growth]
  3783 | Ossuary  | Reached skill level 6 in Axes
  3783 | Ossuary  | Reached skill level 5 in Stealth
  3915 | Ossuary  | HP: 2/57 [mummy (16)]
  3916 | Ossuary  | Gained mutation: You have very sharp teeth. [potion of
                  | mutation]
  3916 | Ossuary  | Gained mutation: You have a pair of small horns on your
                  | head. [potion of mutation]
  3916 | Ossuary  | Gained mutation: You have large cloven feet. [potion of
                  | mutation]
  3916 | Ossuary  | Slain by a killer bee zombie

Illustrated notes

Levels and vault maps discovered:
D:1:      dpeg_arrival_caged_fury, layout_basic,
          shapermc_ecumenical_altar_flowoftime, serial_park_tiny_1
D:2:      layout_rooms
D:3:      layout_basic, uniq_ijyb, uniq_natasha
D:4:      layout_loops_cross, okawaru_trees_2, serial_shops, shop,
          nicolae_ossuary_entry_catacombs, uniq_duvessa, uniq_robin
Ossuary:  ossuary_zaba_flooded

Skill      XL: |  1  2  3  4  5  6  7 |
---------------+----------------------+-----
Stealth        | 1 2 3 4 5 |  5.5
Axes           | 4 5 6 |  6.3
Evocations     | 2 3 4 |  4.2
Fighting       | |  3.2
Dodging        | |  2.6

Action                   |  1- 3 |  4- 6 |  7- 9 || total
-------------------------+-------+-------+-------++-------
Melee: Hand axe          |   142 |   191 |    72 ||   405
       Tailslap          |     9 |    29 |     9 ||    47
       Punch             |       |     1 |     1 ||     2
Invok: Berserk           |     1 |     5 |     2 ||     8
       Trog's Hand       |       |     2 |     3 ||     5
 Abil: Breathe Fire      |       |       |     4 ||     4
  Use: Scroll            |     5 |     2 |       ||     7
       Potion            |       |       |     1 ||     1
 Stab: Sleeping          |     5 |     8 |       ||    13
Armor: Skin              |    48 |    57 |    14 ||   119
Dodge: Dodged            |    79 |   108 |    33 ||   220

Table legend: (Time is in decaauts)
 A = Elapsed time spent in this place.
 B = Non-inter-level travel time spent in this place.
 C = Inter-level travel time spent in this place.
 D = Time resting spent in this place.
 E = Time spent auto-exploring this place.
 F = Levels seen in this place.
 G = Mean time per level.
                   A        B        C        D        E       F      G
               +--------+--------+--------+--------+--------+-----+--------+
         Total |   4025 |   3888 |    137 |    432 |   2514 |   5 |  805.0 |
       Dungeon |   3729 |   3592 |    137 |    298 |   2514 |   4 |  932.2 |
       Ossuary |    296 |    296 |      0 |    134 |      0 |   1 |  296.0 |
               +--------+--------+--------+--------+--------+-----+--------+

Top non-repeatable levels by time:
     D:3: 1589 daAuts
     D:2: 1098 daAuts
     D:1: 835 daAuts
 Ossuary: 296 daAuts
     D:4: 206 daAuts
